 Dungeon Crawl Stone Soup version 0.20.0-14-g326068f (webtiles) character file.

1386 Remaster19 the Magician (level 8, -3/52 HPs)
             Began as a Demonspawn Necromancer on June 9, 2017.
             Was a Follower of Vehumet.
             Splashed by a jelly's acid (8 damage)
             ... on level 6 of the Dungeon.
             The game lasted 00:41:11 (6277 turns).

Remaster19 the Magician (Demonspawn Necromancer)    Turns: 6277, Time: 00:41:13

Health: -3/52      AC: -11   Str:  9    XL:     8   Next: 40%
Magic:  16/17      EV: 12    Int: 25    God:    Vehumet [*.....]
Gold:   124        SH:  9    Dex: 13    Spells: 3/19 levels left

rFire    + . .     SeeInvis .   F - +4 dagger of Eternal Vigilance {freeze, +Fly Int+6 Stlth-}
rCold    . . .     Gourm    .   e - +0 buckler (curse)
rNeg     . . .     Faith    .   a - +0 robe
rPois    .         Spirit   .   r - +2 helmet
rElec    .         Reflect  +   t - +0 cloak
rCorr    .         Harm     .   C - +0 pair of gloves
MR       .....                  A - +1 pair of boots
Stlth    +.........             z - +4 amulet of reflection
Regen    0.2/turn               l - ring of wizardry
MPRegen  0.2/turn               m - ring of protection from fire

@: corroded
A: claws 1, powered by pain 1
a: Renounce Religion, Evoke Flight


You were on level 6 of the Dungeon.
You worshipped Vehumet.
Vehumet was aware of your devotion.
You were not hungry.

You visited 2 branches of the dungeon, and saw 7 of its levels.

You collected 316 gold pieces.
You spent 192 gold pieces at shops.

Inventory:

Hand Weapons
 F - the +4 dagger of Eternal Vigilance (weapon) {freeze, +Fly Int+6 Stlth-}
   (You found it on level 4 of the Dungeon)

   It has been specially enchanted to freeze those struck by it, causing extra
   injury to most foes and up to half again as much damage against particularly
   susceptible opponents.
   It can also slow down cold-blooded creatures.
   It affects your intelligence (+6).
   It lets you fly.
   It makes you less stealthy.
Armour
 a - a +0 robe (worn)
 e - a cursed +0 buckler (worn)
 r - a +2 helmet (worn)
 t - a +0 cloak (worn)
 A - a +1 pair of boots (worn)
 C - a +0 pair of gloves (worn)
Jewellery
 l - a ring of wizardry (left hand)
 m - a ring of protection from fire (right hand)
 z - a +4 amulet of reflection (around neck)
 B - a cursed ring of stealth {unknown}
Wands
 p - a wand of iceblast (5/15)
 G - a wand of flame (23/48)
 K - a wand of acid (6/15)
Scrolls
 d - 2 scrolls of teleportation
 g - 2 scrolls of enchant weapon
 i - 5 scrolls of remove curse
 n - 2 scrolls of enchant armour
 o - a scroll of magic mapping {unknown}
 v - 2 scrolls of fog
 w - a scroll of random uselessness {unknown}
 D - 3 scrolls of amnesia
 E - a scroll of acquirement {unknown}
 I - a scroll of immolation
 J - a scroll of vulnerability
Potions
 f - 6 potions of curing
 h - 2 potions of agility
 k - 3 potions of lignification
 s - 2 potions of flight {unknown}
 u - a potion of mutation {unknown}
Books
 b - a book of Necromancy

   Spells                             Type                      Level
   a - Pain                           Necromancy                   1
   b - Animate Skeleton               Necromancy                   1
   c - Vampiric Draining              Necromancy                   3
   d - Regeneration                   Charms/Necromancy            3
   e - Animate Dead                   Necromancy                   4
   f - Control Undead                 Necromancy                   4
 y - a book of Misfortune

   Spells                             Type                      Level
   a - Confusing Touch                Hexes                        1
   b - Confuse                        Hexes                        3
   c - Gell's Gravitas                Translocation                3
   d - Petrify                        Transmutation/Earth          4
   e - Metabolic Englaciation         Hexes/Ice                    5
   f - Yara's Violent Unravelling     Hexes/Transmutation          5
Comestibles
 c - 4 bread rations
 j - 4 meat rations
 q - a fruit
 x - 5 royal jellies
 H - 2 chunks of flesh


   Skills:
 - Level 3.0 Short Blades
   Level 3.0 Polearms
 - Level 1.7 Dodging
 - Level 1.7 Stealth
 - Level 4.1 Shields
 + Level 6.3 Spellcasting
 - Level 6.0 Necromancy


You had 3 spell levels left.
You knew the following spells:

 Your Spells              Type           Power        Failure   Level  Hunger
a - Pain                  Necr           ####         1%          1    None
b - Animate Skeleton      Necr           N/A          1%          1    None
c - Vampiric Draining     Necr           #####.....   1%          3    None
d - Regeneration          Chrm/Necr      ###.......   2%          3    None
e - Animate Dead          Necr           N/A          2%          4    ###....
f - Control Undead        Necr           #####.....   2%          4    ###....


Dungeon Overview and Level Annotations

Branches:
Dungeon (6/15)             Temple (1/1) D:4

Altars:
Ashenzari
Cheibriados
Dithmenos
Elyvilon
Fedhas
Gozag
Hepliaklqana
Kikubaaqudgha
Makhleb
Nemelex Xobeh
Okawaru
Qazlal
Ru
Sif Muna
Trog
Uskayaw
Vehumet
Xom
Yredelemnul
Zin
The Shining One

Shops:
D:6 [}(?%


Innate Abilities, Weirdness & Mutations

You have sharp fingernails.
You sometimes gain a little power by taking damage.


Message History

The jelly is almost dead.
The jelly hits you. The acid corrodes you!
You are splashed with acid!
The acid burns!
You hit the jelly but do no damage.
Your hands burn!
The jelly is almost dead.
The jelly hits you.
You are splashed with acid!
The acid burns!
You hit the jelly but do no damage.
Your hands burn!
* * * LOW HITPOINT WARNING * * *
The jelly is almost dead.
You block the jelly's attack.
You hit the jelly but do no damage.
Your hands burn!
* * * LOW HITPOINT WARNING * * *
The jelly is almost dead.
You hit the jelly but do no damage.
Your hands burn!
* * * LOW HITPOINT WARNING * * *
The jelly is almost dead.
The jelly hits you.
* * * LOW HITPOINT WARNING * * *
The acid corrodes you!
You are splashed with acid!
The acid burns!
You die...

.... . ... #..# #. ..#
#..# ####.## ##..####
####### .... ......
+.(....# ......# ...
...... #..... # ..... #..
#....###..# ##. #...# #..
#.>.......##'##.###<..##
..
..#...##.#..........>....#
..
..+..#..##@..............#
.. ....
##)#J...........(...# ##
#..###..##.####...##.....#
#######..##...#...
#...##.....##
......#[##....##..
.#......#.
......+.##_#..........
#........
.......Z......##(....
#....s...
........###...##....
#...OZ...
.######..###..#....####
####<.##.


You could see a jelly.

Vanquished Creatures
  Sigmund (D:3)
  A phantom (D:5)
  An ogre (D:6)
  3 bullfrogs
  A crimson imp (D:6)
  3 hounds
  An orc priest (D:6)
  Crazy Yiuf (D:3)
  2 iguanas (D:4)
  3 orc wizards
  Natasha (twice) (D:2)
  Ijyb (D:4)
  2 worker ants
  Robin (D:3)
  4 gnolls (D:4)
  8 adders
  5 oozes
  An adder skeleton (D:4)
  A worm (D:5)
  2 dart slugs
  2 leopard geckos (D:6)
  7 orcs
  4 bats
  10 giant cockroaches
  13 goblins
  6 hobgoblins
  7 jackals
  8 kobolds
  A quokka (D:3)
  3 frilled lizards
  A leopard gecko skeleton (D:5)
  12 rats
118 creatures vanquished.

Vanquished Creatures (collateral kills)
  An ogre (D:4)
  A phantom (D:6)
  A hound (D:6)
  2 worker ants
  2 adders
  A worm (D:2)
  3 orcs (D:3)
  A bat (D:1)
  3 hobgoblins
  3 jackals (D:5)
  A leopard gecko zombie (D:6)
  2 fungi (D:3)
21 creatures vanquished.

Grand Total: 139 creatures vanquished

Notes
Turn   | Place    | Note
-------+----------+-------------------------------------------
     0 | D:1      | Remaster19 the Demonspawn Necromancer began the quest for the Orb.
     0 | D:1      | Reached XP level 1. HP: 13/13 MP: 3/3
     3 | D:1      | Learned a level 1 spell: Animate Skeleton
   167 | D:1      | Gained mutation: You have sharp fingernails. [demonic ancestry]
   167 | D:1      | Reached XP level 2. HP: 15/19 MP: 5/5
   774 | D:2      | Reached XP level 3. HP: 16/24 MP: 0/7
   782 | D:2      | Learned a level 3 spell: Vampiric Draining
   786 | D:2      | Learned a level 3 spell: Regeneration
  1481 | D:2      | Reached skill level 5 in Necromancy
  1845 | D:2      | Noticed Natasha
  1849 | D:2      | Killed Natasha
  1849 | D:2      | Gained mutation: You sometimes gain a little power by taking damage. [demonic ancestry]
  1849 | D:2      | Reached XP level 4. HP: 16/30 MP: 3/8
  2179 | D:2      | Noticed Natasha
  2185 | D:2      | Killed Natasha
  2185 | D:2      | Reached skill level 1 in Short Blades
  2415 | D:3      | Noticed Sigmund
  2614 | D:3      | Found an opulent altar of Gozag.
  2731 | D:3      | Reached XP level 5. HP: 30/35 MP: 5/9
  2906 | D:3      | Found a runed door.
  2910 | D:3      | Noticed Crazy Yiuf
  2917 | D:3      | Killed Crazy Yiuf
  3096 | D:3      | Noticed Robin
  3503 | D:3      | Killed Robin
  3667 | D:3      | Killed Sigmund
  3667 | D:3      | Reached XP level 6. HP: 41/41 MP: 9/13
  3896 | D:3      | Learned a level 4 spell: Animate Dead
  4075 | D:4      | Noticed Ijyb
  4094 | D:4      | Killed Ijyb
  4229 | D:4      | Found a staircase to the Ecumenical Temple.
  4250 | D:4      | Reached skill level 1 in Polearms
  4250 | D:4      | Reached XP level 7. HP: 45/46 MP: 0/14
  4407 | Temple   | Entered the Ecumenical Temple
  4633 | D:4      | Found a radiant altar of Vehumet.
  4635 | D:4      | Found a shattered altar of Ashenzari.
  4635 | D:4      | Found an opulent altar of Gozag.
  4636 | D:4      | Found a burning altar of Makhleb.
  4658 | D:4      | Became a worshipper of Vehumet
  4760 | D:4      | Got a bloodstained dagger
  4761 | D:4      | Identified the +4 dagger of Eternal Vigilance {freeze, +Fly Int+6 Stlth-} (You found it on level 4 of the Dungeon)
  4808 | D:4      | Reached skill level 1 in Shields
  5235 | D:5      | Entered Level 5 of the Dungeon
  5340 | D:5      | Found a deep blue altar of Sif Muna.
  5827 | D:6      | Found Perchec's Food Shop.
  5936 | D:5      | Reached XP level 8. HP: 51/52 MP: 11/15
  5953 | D:5      | Learned a level 4 spell: Control Undead
  6023 | D:6      | Reached skill level 5 in Spellcasting
  6045 | D:6      | Found Joevvepy's Antique Armour Emporium.
  6046 | D:6      | Found Bus Desm's Gadget Boutique.
  6047 | D:6      | Found Ibadwes's Magic Scroll Shop.
  6079 | D:6      | Bought a scroll of immolation for 42 gold pieces
  6079 | D:6      | Bought a scroll of teleportation for 36 gold pieces
  6079 | D:6      | Bought a scroll of fog for 24 gold pieces
  6079 | D:6      | Bought a scroll of vulnerability for 90 gold pieces
  6085 | D:6      | Reached * piety under Vehumet
  6085 | D:6      | Offered knowledge of Shock by Vehumet.
  6154 | D:6      | Found Bera's Weapon Boutique.
  6234 | D:6      | Found a shadowy altar of Dithmenos.
  6277 | D:6      | Splashed by a jelly's acid

Skill      XL: |  1  2  3  4  5  6  7  8 |
---------------+-------------------------+-----
Spellcasting   | 3 4 6 |  6.3
Necromancy     | 5 6 |  6.0
Short Blades   | 1 3 |  3.0
Polearms       | 1 3 |  3.0
Shields        | 4 |  4.1
Dodging        | |  1.7
Stealth        | |  1.7

Action                   |  1- 3 |  4- 6 |  7- 9 || total
-------------------------+-------+-------+-------++-------
Melee: Dagger            |    15 |   110 |   162 ||   287
       Unarmed           |    29 |       |       ||    29
       Spear             |       |    20 |    28 ||    48
 Cast: Pain              |    45 |    43 |    45 ||   133
       Animate Skeleton  |    10 |    18 |    12 ||    40
       Vampiric Draining |       |    11 |     7 ||    18
       Regeneration      |       |     8 |     5 ||    13
       Animate Dead      |       |       |    10 ||    10
       Control Undead    |       |       |     1 ||     1
  Use: Scroll            |       |     1 |     6 ||     7
 Stab: Sleeping          |     2 |     3 |     1 ||     6
  Eat: Chunk             |     3 |     9 |     9 ||    21
Armor: Robe              |     6 |    36 |    49 ||    91
Dodge: Dodged            |    40 |    85 |    70 ||   195
Block: Buckler           |       |     9 |    80 ||    89
       Reflection        |       |       |     1 ||     1
